 Dungeon Crawl Stone Soup version 0.30-a0-652-gcc886f7154 (webtiles) character file.

Game seed: 13794412946452377586

512 warriortoast the Sneak (level 6, -1/32 HPs)
             Began as a Spriggan Hunter on Jan 17, 2023.
             Killed from afar by a white imp (12 damage)
             ... with a puff of frost
             ... summoned by Natasha
             ... on level 4 of the Dungeon.
             The game lasted 00:08:47 (2973 turns).

warriortoast the Sneak (Spriggan Hunter)            Turns: 2973, Time: 00:08:48

Health: -1/32      AC:  3    Str:  7    XL:     6   Next: 99%
Magic:  7/7        EV: 20    Int: 11    God:
Gold:   249        SH:  0    Dex: 20    Spells: 5/5 levels left

rFire   . . .      SeeInvis +    a - +0 shortbow
rCold   . . .      Faith    .    (shield currently unavailable)
rNeg    . . .      Spirit   .    c - +0 robe
rPois   +          Reflect  .    (helmet restricted)
rElec   .          Harm     .    l - +0 cloak
rCorr   .          Rampage  .    (gloves unavailable)
Will    +....                    (boots unavailable)
Stlth   +++                      (no amulet)
HPRegen 0.25/turn                d - ring of poison resistance
MPRegen 0.10/turn                (no ring)

@: very quick
A: very small, no large weapons, unfitting armour, see invisible, speed 3
a: no special abilities


You were on level 4 of the Dungeon.
You visited 1 branch of the dungeon, and saw 6 of its levels.

You collected 249 gold pieces.

Inventory:

Hand Weapons
 a - a +0 shortbow (weapon)
Missiles
 i - 2 throwing nets
Armour
 c - a +0 robe (worn)
 l - a +0 cloak (worn)
Jewellery
 d - a ring of poison resistance (left hand)
Scrolls
 b - 3 scrolls of immolation
 e - 2 scrolls of teleportation {unknown}
 h - 3 scrolls of identify {unknown}
 k - a scroll of butterflies {unknown}
 n - a scroll of silence {unknown}
Potions
 f - 3 potions of curing {unknown}
 g - a potion of ambrosia {unknown}
 j - a potion of lignification {unknown}
 m - 2 potions of heal wounds
 o - 2 potions of magic {unknown}


   Skills:
 + Level 3.3 Fighting
 + Level 5.4 Ranged Weapons
 + Level 5.4 Dodging
 + Level 5.9 Stealth


You had 5 spell levels left.
You didn't know any spells.
Your spell library contained the following spells:

 Spells                   Type           Power      Damage    Failure   Level
 Apportation              Tloc           0%         N/A       34%         1
 Sandblast                Erth           0%         2d4       34%         1
 Passwall                 Tmut/Erth      0%         N/A       47%         2
 Scorch                   Fire           0%         2d5       47%         2
 Stone Arrow              Conj/Erth      0%         3d7       71%         3
 Flame Wave               Conj/Fire      0%         2d4       98%         4
 Alistair's Intoxication  Tmut/Pois      0%         N/A       100%        5
 Summon Cactus Giant      Summ           0%         N/A       100%        6


Dungeon Overview and Level Annotations

Branches:
Dungeon (6/15)
 Temple: D:4-7

Altars:
Elyvilon
Qazlal
Wu Jian
Yredelemnul

Annotations:
D:4 Natasha; Pikel
D:5 2 runed translucent doors, bmack86's ghost, novice MiFi
D:6 1 transporter, Dowan, Duvessa


Innate Abilities, Weirdness & Mutations

You are very small and have problems with some larger weapons.
You are too small for most types of armour.
You have supernaturally acute eyesight. (SInv)
You cover ground extremely quickly. (Speed+++)


Message History

Natasha, Servant of Life and Death comes into view.
You shoot an arrow. The arrow completely misses the gnoll.
Natasha hisses angrily.
You hear a shout!
You shoot an arrow. The arrow hits the gnoll!
You kill the gnoll!
You hear a shout!
A goblin comes into view. It is wielding a +0 dagger.
You shoot an arrow. The arrow closely misses Natasha.
The arrow hits the goblin!
You kill the goblin!
Natasha stares at you and mumbles some strange words.
The magic dart hits you!
You shoot an arrow.
The arrow hits Natasha but does no damage.
You shoot an arrow. The arrow hits Natasha.
Natasha is moderately wounded.
Natasha casts a spell.
You shoot an arrow. The arrow closely misses Natasha.
Natasha wildly gestures.
You feel disoriented. Natasha casts a spell at you. The magic dart hits you.
You shoot an arrow. The arrow closely misses Natasha.
The arrow hits the white imp.
The white imp is severely wounded.
Natasha misses you.
You shoot an arrow. The arrow hits the white imp.
The white imp is almost dead.
The white imp gestures at you. The puff of frost misses you.
Natasha misses you.
You shoot an arrow. The arrow closely misses the white imp.
The white imp hits you. The white imp freezes you. Natasha barely misses you.
You are too injured to fight recklessly!
You are too injured to fight recklessly!
You are too injured to fight recklessly!
You are too injured to fight recklessly!
The orc shouts!
You hear a shout!
The white imp gestures at you. The puff of frost hits you!
You die...

....h............K......)...
#'##....############.....#
#..'....# +.....# #..#...?#
#.....#
##'#....############<....#
##......................###
.'......................#
.#.................†....#
##.......()@.h......).).#
......o.......5...).........
.K.................##...PPPP
...................###......
..#+##.....)...##+## #######
## #.........# #..?......#
#..._.....# #......g..#


You could see Natasha, a white imp (summoned) and an orc.

Vanquished Creatures
  Sigmund (D:3)
  An ice beast (D:5)
  Natasha (D:4)
  14 gnolls
  4 adders
  3 worms
  2 dart slugs (D:2)
  An orc (D:3)
  3 endoplasms (D:1)
  A giant cockroach (D:4)
  5 goblins
  4 hobgoblins
  A jackal (D:3)
  4 quokkas (D:1)
  6 ball pythons
  9 bats
  4 frilled lizards
  5 kobolds
  5 rats
74 creatures vanquished.

Vanquished Creatures (others)
  4 plants (D:4)
4 creatures vanquished.

Grand Total: 78 creatures vanquished

Notes
Turn   | Place    | Note
-------+----------+-------------------------------------------
     0 | D:1      | warriortoast the Spriggan Hunter began the quest for the
                  | Orb.
     0 | D:1      | Reached XP level 1. HP: 10/10 MP: 2/2
   213 | D:1      | Reached XP level 2. HP: 15/15 MP: 3/3
   895 | D:2      | Reached XP level 3. HP: 9/18 MP: 4/4
  1082 | D:2      | Found a stormy altar of Qazlal.
  1109 | D:2      | Reached XP level 4. HP: 23/23 MP: 5/5
  1418 | D:2      | Reached XP level 5. HP: 27/27 MP: 6/6
  2025 | D:3      | You fall into a shaft and drop 3 floors!
  2027 | D:6      | Noticed an ogre
  2029 | D:6      | Noticed a phantom
  2031 | D:6      | Noticed a phantom
  2046 | D:6      | Found an ornate altar of the Wu Jian Council.
  2076 | D:6      | Noticed Duvessa
  2076 | D:6      | Noticed Dowan
  2077 | D:6      | Noticed an orc warrior
  2099 | D:6      | Noticed an ogre
  2146 | D:6      | Noticed an ogre
  2148 | D:6      | Found a transporter.
  2155 | D:5      | Entered Level 5 of the Dungeon
  2155 | D:5      | Noticed an ice beast
  2156 | D:5      | Found a large runed translucent door.
  2156 | D:5      | Found a large runed translucent door.
  2164 | D:5      | Noticed bmack86's ghost (novice MiFi)
  2175 | D:5      | Killed an ice beast
  2176 | D:5      | Reached skill level 5 in Ranged Weapons
  2176 | D:5      | Reached XP level 6. HP: 28/32 MP: 7/7
  2214 | D:4      | Noticed Natasha
  2220 | D:4      | Found a basalt altar of Yredelemnul.
  2232 | D:4      | Noticed Pikel
  2517 | D:3      | Noticed Sigmund
  2532 | D:3      | Killed Sigmund
  2533 | D:3      | Reached skill level 5 in Dodging
  2533 | D:3      | Reached skill level 5 in Stealth
  2839 | D:3      | Found a white marble altar of Elyvilon.
  2944 | D:4      | Killed Natasha
  2960 | D:4      | Noticed Natasha
  2973 | D:4      | Killed from afar by a white imp

Illustrated notes

Levels and vault maps discovered:
D:1:      sevenhm_arrival_forest_fort_large_4, layout_loops_ring,
          chequers_serial_rivers_large_b, serial_park_tiny_pond,
          minmay_misc_feat_tiny
D:2:      layout_loops_ring, basic_altar, nicolae_wormholes
D:3:      layout_rooms, elyvilon_altar_1, uniq_sigmund
D:4:      layout_gridville, overflow_temple_1_default,
          mainiacjoe_overflow_boulevard, minmay_surrounded, uniq_pikel,
          uniq_natasha, uniq_robin
D:5:      layout_cave_pools, minmay_temple_entry_hall,
          ebering_ghost_disaster_area, hangedman_decor_clover_reticule
D:6:      gammafunk_cloud_chamber, layout_cave_pools,
          mainiacjoe_overflow_brackets, uniq_duvessa, uniq_eustachio

Skill      XL: |  1  2  3  4  5  6 |
---------------+-------------------+-----
Stealth        | 2 3 4 5 |  5.9
Dodging        | 3 4 5 |  5.4
Fighting       | 2 3 |  3.3
Ranged Weapons | 5 |  5.4

Action                   |  1- 3 |  4- 6 || total
-------------------------+-------+-------++-------
 Fire: Shortbow          |    82 |   173 ||   255
Armor: Robe              |     3 |    11 ||    14
Dodge: Dodged            |    25 |    90 ||   115

Table legend: (Time is in decaauts)
 A = Elapsed time spent in this place.
 B = Non-inter-level travel time spent in this place.
 C = Inter-level travel time spent in this place.
 D = Time resting spent in this place.
 E = Time spent auto-exploring this place.
 F = Levels seen in this place.
 G = Mean time per level.
                   A        B        C        D        E       F      G
               +--------+--------+--------+--------+--------+-----+--------+
         Total |   2234 |   2169 |     65 |    410 |   1192 |   6 |  372.3 |
       Dungeon |   2234 |   2169 |     65 |    410 |   1192 |   6 |  372.3 |
               +--------+--------+--------+--------+--------+-----+--------+

Top non-repeatable levels by time:
     D:2: 822 daAuts
     D:3: 655 daAuts
     D:1: 555 daAuts
     D:4: 101 daAuts
     D:6: 78 daAuts
     D:5: 20 daAuts
